 Dungeon Crawl Stone Soup version 0.30-a0-4-ga7cffc901d (webtiles) character file.

Game seed: 16885524559220318811

371 Sobieck the Cutter (level 6, 0/48 HPs)
             Began as a Vine Stalker Gladiator on Aug 20, 2022.
             Slain by a gnoll
             ... wielding a +0 vorpal flail
              (7 damage)
             ... on level 3 of the Dungeon.
             The game lasted 00:05:17 (3098 turns).

Sobieck the Cutter (Vine Stalker Gladiator)         Turns: 3098, Time: 00:05:17

Health: 0/48       AC:  5    Str: 16    XL:     6   Next: 70%
Magic:  0/7        EV: 12    Int:  8    God:
Gold:   58         SH:  0    Dex: 18    Spells: 5/5 levels left

rFire   . . .      SeeInvis .    a - +4 dagger (venom) {short}
rCold   . . .      Faith    .    (no shield)
rNeg    . . .      Spirit   +    A - +0 leather armour
rPois   .          Reflect  .    c - +0 helmet
rElec   .          Harm     .    (no cloak)
rCorr   .          Rampage  .    (no gloves)
Will    .....                    g - +0 pair of boots
Stlth   ..........               (no amulet)
HPRegen 0.96/turn                (no ring)
MPRegen 0.10/turn                (no ring)

@: berserking, very quick
A: fangs 2, regeneration 1, magic shield, antimagic bite, no potion heal 2
a: no special abilities


You were on level 3 of the Dungeon.
You visited 1 branch of the dungeon, and saw 4 of its levels.

You collected 108 gold pieces.
You spent 50 gold pieces at shops.


Innate Abilities, Weirdness & Mutations

You have extremely sharp teeth.
Your natural rate of healing is unusually fast.
When hurt, damage is shared between your health and your magic reserves.
Your bite disrupts and absorbs the magic of your enemies.
Potions cannot restore your health.


   Skills:
 + Level 3.4 Fighting
 * Level 5.1 Short Blades
 - Level 1.7 Throwing
 - Level 2.4 Dodging
 + Level 4.0 Stealth


You had 5 spell levels left.
You didn't know any spells.
Your spell library was empty.

Inventory:

Hand Weapons
 a - a +4 dagger of venom (weapon) {short}
   (You took it off a goblin on level 1 of the Dungeon)
 b - a +0 sling
   (You found it on level 2 of the Dungeon)
 h - a -3 hand axe of venom {axe}
   (You found it on level 1 of the Dungeon)
 j - a +0 rapier {short}
 D - a +2 dagger of venom {short}
   (You took it off a kobold on level 2 of the Dungeon)
Missiles
 d - 3 throwing nets {=f!fthrowing}
 e - a javelin {throwing}
 i - 37 stones {throwing}
 m - 10 poisoned darts {throwing}
Armour
 c - a +0 helmet (worn)
 g - a +0 pair of boots (worn)
   (You found it on level 1 of the Dungeon)
 k - a +0 scale mail
   (You found it on level 1 of the Dungeon)
 l - a +0 robe
   (You took it off an orc wizard on level 4 of the Dungeon)
 u - a +0 robe
   (You found it on level 1 of the Dungeon)
 y - a +0 leather armour
   (You found it on level 2 of the Dungeon)
 z - a +0 pair of gloves
   (You found it on level 2 of the Dungeon)
 A - a +0 leather armour (worn)
 E - a +0 ring mail
   (You found it on level 2 of the Dungeon)
 H - a +0 robe
   (You found it on level 3 of the Dungeon)
 I - a +0 ring mail
   (You found it on level 3 of the Dungeon)
 J - a +0 scale mail
   (You found it on level 3 of the Dungeon)
 K - a +0 robe
   (You found it on level 3 of the Dungeon)
Magical Staves
 x - a staff of poison {!astaff}
   (You found it on level 2 of the Dungeon)
 G - a staff of cold {!astaff}
   (You found it on level 2 of the Dungeon)
Wands
 f - a wand of flame (12)
   (You found it on level 4 of the Dungeon)
Potions
 o - 2 potions of curing {@q1}
 r - a potion of haste {unknown}
 s - 2 potions of heal wounds {unknown}
 t - a potion of degeneration {unknown}
 v - a potion of magic {unknown}
 w - a potion of berserk rage {!q}
 L - a potion of flight {unknown}
 M - a potion of attraction {unknown}

Dungeon Overview and Level Annotations

Branches:
Dungeon (4/15) Zot: 20901
 Temple: D:4-7

Altars:
Okawaru
The Shining One

Shops:
D:1 *

Annotations:
D:3 3 runed translucent doors, Newt's ghost, amateur DsGl

### #<# #.# ####.# #....#####
##.#......########### ####
#.....###.##........#######...
##.....###'##................).
###......#......@................
.........#......g................
.##.................#############
.........#.......####............
####.....#.......## #..#...#...#.
#.....####..#....# #_...........
#...........#...)###..#...#...#.
#..................#............
#.................)#############


You could see a gnoll.


Message History

Unknown command.
Unknown command.
An orc wizard is nearby!
Danger!
There is an escape hatch in the ceiling here.
You closely miss the orc wizard. You bite the orc wizard.
The orc wizard's magic leaks into the air.
You drain its magic. You closely miss the orc wizard.
The orc wizard completely misses you.
You hit the orc wizard.
The orc wizard is poisoned.
The orc wizard misses you.
You hit the orc wizard.
The orc wizard looks as sick as possible!
Your bite misses the orc wizard.
You kill the orc wizard!
No target in view!
l - a +0 robe You see here a +0 dagger {short}.
You see here a +0 vorpal flail {mace}.
Danger!
The orc shouts!
You hear a shout! x2
A kobold comes into view.
It is wielding a +0 short sword and quivering poisoned darts.
A gnoll comes into view. It is wielding a +0 vorpal flail.
A gnoll comes into view. It is wielding a +0 flail.
You hit the orc but do no damage.
The orc is poisoned.
You bite the orc. You drain its power. You hit the orc.
You kill the orc!
Your Stealth skill increases to level 4!
The kobold throws a poisoned dart.
The poisoned dart barely misses you.
The kobold throws a poisoned dart.
The poisoned dart hits you!
You are poisoned.
You feel very sick. The kobold hits you but does no damage.
Unknown command.
You hit the kobold.
You kill the kobold!
You feel sick.
You feel sick.
Things that are here:
a +0 short sword {short}; 8 poisoned darts {throwing}; a kobold corpse You feel sick.
Unknown command. 2 gnolls come into view.
You feel sick.
The gnoll hits you with a +0 vorpal flail!
The gnoll moves out of view.
Unknown command.
You feel sick. The gnoll misses you. The gnoll attacks as you move away!
The gnoll closely misses you. The gnoll attacks as you move away!
The gnoll closely misses you.
You feel sick.
The gnoll shouts! x2; You hear a shout!
You feel sick. The gnoll attacks as you move away! The gnoll misses you.
You feel sick.
You are no longer poisoned.
The gnoll closely misses you. The gnoll attacks as you move away!
The gnoll closely misses you.
There is an escape hatch in the ceiling here.
The gnoll barely misses you. The gnoll closely misses you.
The gnoll hits you with a +0 flail.
* * * LOW HITPOINT WARNING * * *
A mysterious force pulls you upwards. The hatch slams shut behind you.
Level annotation: 3 runed translucent doors, Newt's ghost, amateur DsGl Unknown command.
Unknown command.
The gnoll attacks as you move away! The gnoll barely misses you.
The gnoll attacks as you move away! The gnoll barely misses you.
The gnoll misses you. The gnoll attacks as you move away!
The gnoll barely misses you. The gnoll attacks as you move away!
The gnoll barely misses you. The gnoll attacks as you move away!
The gnoll closely misses you. The gnoll attacks as you move away!
The gnoll hits you with a +0 vorpal flail.
* * * LOW HITPOINT WARNING * * *
The gnoll attacks as you move away! The gnoll closely misses you.
The gnoll attacks as you move away!
The gnoll hits you with a +0 vorpal flail.
* * * LOW HITPOINT WARNING * * *
x2 The gnoll attacks as you move away!
The gnoll hits you with a +0 vorpal flail.
* * * LOW HITPOINT WARNING * * *
x2 The gnoll attacks as you move away!
The gnoll hits you but does no damage. The gnoll attacks as you move away!
The gnoll hits you with a +0 vorpal flail!
* * * LOW HITPOINT WARNING * * *
x2 The gnoll attacks as you move away!
The gnoll misses you. The gnoll attacks as you move away!
The gnoll hits you but does no damage.
Really quaff
w - 2 potions of berserk rage {!q}?
A red film seems to cover your vision as you go berserk!
You feel yourself moving faster!
You feel mighty! The gnoll closely misses you. The gnoll barely misses you.
Unknown command.
Unknown command.
You puncture the gnoll!
You kill the gnoll!
The gnoll hits you with a +0 vorpal flail.
* * * LOW HITPOINT WARNING * * *
x2 You see here a +0 flail {mace}.
You closely miss the gnoll. Your bite misses the gnoll.
The gnoll hits you with a +0 vorpal flail!
You die...

Skill      XL: |  1  2  3  4  5  6 |
---------------+-------------------+-----
Short Blades   | 3 4 5 |  5.1
Fighting       | 2 3 |  3.4
Stealth        | 1 2 3 4 |  4.0
Throwing       | |  1.7
Dodging        | |  2.4

Action                   |  1- 3 |  4- 6 || total
-------------------------+-------+-------++-------
Melee: Dagger            |    35 |    55 ||    90
       Rapier            |     5 |       ||     5
       Bite              |     7 |    18 ||    25
       Punch             |       |     1 ||     1
 Fire: Sling             |    42 |    21 ||    63
  Use: Scroll            |       |     9 ||     9
       Potion            |       |     1 ||     1
 Stab: Sleeping          |     1 |       ||     1
Armor: Leather armour    |    21 |    19 ||    40
Dodge: Dodged            |    21 |    41 ||    62

Levels and vault maps discovered:
D:1:      spicycebolla_arrival_clurvy, layout_basic, serial_shops,
          nicolae_shop_trees, ebering_ecumenical_altar_rust
D:2:      layout_loops_ring, basic_altar
D:3:      layout_basic, lemuel_coloured_pillars_altar, gammafunk_ghost_icy,
          minmay_stone_trees_medium, cheibrodos_gnoll_hut
D:4:      layout_basic, kennysheep_generic_room_3

Notes
Turn   | Place    | Note
-------+----------+-------------------------------------------
     0 | D:1      | Sobieck the Vine Stalker Gladiator began the quest for the
                  | Orb.
     0 | D:1      | Reached XP level 1. HP: 11/11 MP: 2/2
    45 | D:1      | Found a faded altar of an unknown god.
   524 | D:1      | Reached XP level 2. HP: 15/15 MP: 3/3
   537 | D:1      | Reached skill level 3 in Short Blades
   582 | D:1      | Reached skill level 2 in Fighting
   611 | D:1      | Found Ipywapau's Assorted Antiques.
   620 | D:1      | Bought a scroll labelled TUASION CINE for 18 gold pieces
   620 | D:1      | Bought a pink potion for 16 gold pieces
   620 | D:1      | Bought a dark potion for 16 gold pieces
   670 | D:1      | Reached skill level 1 in Stealth
  1100 | D:2      | Reached XP level 3. HP: 18/18 MP: 4/4
  1386 | D:2      | Found an iron altar of Okawaru.
  1749 | D:3      | Reached skill level 2 in Stealth
  1990 | D:3      | Found a glowing golden altar of the Shining One.
  2026 | D:3      | Gained mutation: Your natural rate of healing is unusually
                  | fast. [Vine Stalker growth]
  2026 | D:3      | Reached XP level 4. HP: 23/23 MP: 5/5
  2043 | D:3      | Noticed Newt's ghost (amateur DsGl)
  2157 | D:3      | Found a runed translucent gate.
  2157 | D:3      | Found a runed translucent gate.
  2157 | D:3      | Found a runed translucent gate.
  2359 | D:3      | Reached skill level 4 in Short Blades
  2359 | D:3      | Reached XP level 5. HP: 24/27 MP: 4/6
  2370 | D:3      | Reached skill level 3 in Stealth
  2433 | D:3      | Reached skill level 3 in Fighting
  2435 | D:3      | Reached XP level 6. HP: 31/32 MP: 7/7
  2924 | D:4      | HP: 8/32 [kobold/+0 club (1)]
  2935 | D:3      | Reached skill level 5 in Short Blades
  3064 | D:4      | Reached skill level 4 in Stealth
  3093 | D:3      | HP: 6/32 [gnoll/+0 vorpal flail (7)]
  3098 | D:3      | Slain by a gnoll

Vanquished Creatures
  A bullfrog (D:4)
  A scorpion (D:3)
  A jelly (D:3)
  An orc priest (D:4)
  2 hounds (D:3)
  An orc wizard (D:4)
  3 adders
  2 gnolls (D:3)
  2 dart slugs
  4 orcs
  An endoplasm (D:1)
  5 giant cockroaches
  3 goblins
  2 hobgoblins (D:3)
  9 kobolds
  6 ball pythons
  7 bats
  2 frilled lizards
  7 rats
60 creatures vanquished.

Table legend:
 A = Non-vault XP
 B = Vault XP
 C = Vault XP percentage of total XP
 D = Non-vault monster count
 E = Vault monster count
 F = Vault count percentage of total count
                 A         B        C        D         E       F
            +---------+---------+-------+---------+---------+-------
      Total |     336 |     194 |  36.6 |      55 |       5 |   8.3
            +---------+---------+-------+---------+---------+-------
        D:1 |      14 |       0 |   0.0 |      10 |       0 |   0.0
        D:2 |      31 |       0 |   0.0 |      11 |       0 |   0.0
        D:3 |     193 |     101 |  34.4 |      28 |       3 |   9.7
        D:4 |      98 |      93 |  48.7 |       6 |       2 |  25.0
            +---------+---------+-------+---------+---------+-------

Illustrated notes

Table legend:
 A = Kills in this place as a percentage of kills in entire the game.
 B = Kills by you in this place as a percentage of kills by you in the entire game.
 C = Kills by friends in this place as a percentage of kills by friends in the entire game.
 D = Other kills in this place as a percentage of other kills in the entire game.
 E = Experience gained in this place as a percentage of experience gained in the entire game.
 F = Experience gained in this place divided by the number of levels of this place that you have seen.
                   A       B       C       D       E      F
               +-------+-------+-------+-------+-------+----------------------
         Total | 100.0 | 100.0 |   N/A |   N/A | 100.0 | 132.5
       Dungeon | 100.0 | 100.0 |   N/A |   N/A | 100.0 | 132.5
               +-------+-------+-------+-------+-------+----------------------

Table legend: (Time is in decaauts)
 A = Elapsed time spent in this place.
 B = Non-inter-level travel time spent in this place.
 C = Inter-level travel time spent in this place.
 D = Time resting spent in this place.
 E = Time spent auto-exploring this place.
 F = Levels seen in this place.
 G = Mean time per level.
                   A        B        C        D        E       F      G
               +--------+--------+--------+--------+--------+-----+--------+
         Total |   3097 |   2996 |    101 |     11 |   2551 |   4 |  774.2 |
       Dungeon |   3097 |   2996 |    101 |     11 |   2551 |   4 |  774.2 |
               +--------+--------+--------+--------+--------+-----+--------+

Top non-repeatable levels by time:
     D:3: 1193 daAuts
     D:1: 951 daAuts
     D:2: 647 daAuts
     D:4: 305 daAuts
